 Dungeon Crawl Stone Soup version 0.24.0-125-gc4c63601f3 (webtiles) character file.

Game seed: 8356049742888454000, levelgen mode: deterministic

233 Curus the Slasher (level 5, 0/45 HPs)
             Began as a Minotaur Fighter on Mar 4, 2020.
             Slain by a river rat (5 damage)
             ... in a sewer.
             The game lasted 00:09:27 (1835 turns).

Curus the Slasher (Minotaur Fighter)                Turns: 1835, Time: 00:09:28

Health: 0/45       AC: 12    Str: 20 (21) XL:     5   Next: 74%
Magic:  13/13      EV:  8    Int:  4 (6)  God:
Gold:   219        SH:  9    Dex: 14      Spells: 4/4 levels left

rFire    . . .     SeeInvis .   a - +0 long sword
rCold    . . .     Gourm    .   c - +0 shield
rNeg     . . .     Faith    .   h - +0 plate armour
rPois    .         Spirit   .   (helmet restricted)
rElec    .         Reflect  .   g - +0 cloak (curse)
rCorr    .         Harm     .   (no gloves)
MR       .....     Rnd*Tele +   (no boots)
Stlth    ..........             (no amulet)
HPRegen  0.15/turn              e - ring of magical power
MPRegen  0.13/turn              m - ring of teleportation (curse)

@: agile
A: retaliatory headbutt, horns 2
a: no special abilities


You were in a sewer.
You were hungry.

You visited 1 branch of the dungeon, and saw 3 of its levels.
You also visited: Sewer.

You collected 219 gold pieces.

Inventory:

Hand Weapons
 a - a +0 long sword (weapon)
Armour
 b - a +0 scale mail
 c - a +0 shield (worn)
 g - a cursed +0 cloak (worn)
 h - a +0 plate armour (worn)
Jewellery
 e - a ring of magical power (left hand)
 m - a cursed ring of teleportation (right hand)
Scrolls
 k - a scroll of identify
 l - a scroll of fear
Potions
 i - a potion of curing
 n - a potion of flight
Comestibles
 d - 4 chunks of flesh
 f - 4 rations


   Skills:
 - Level 3.6 Fighting
 + Level 7.4 Long Blades
 - Level 3.6 Armour
 - Level 3.6 Shields


You had 4 spell levels left.
You didn't know any spells.
Your spell library contained the following spells:

 Spells                   Type           Power        Failure   Level  Hunger
 Animate Skeleton         Necr           N/A          100%        1    ##.....
 Apportation              Tloc           #.....       100%        1    ##.....
 Confusing Touch          Hex            #.....       100%        1    ##.....
 Magic Dart               Conj           #...         100%        1    ##.....
 Summon Small Mammal      Summ           #...         100%        1    ##.....
 Searing Ray              Conj           #.....       100%        2    ###....
 Dazzling Spray           Conj/Hex       #.....       100%        3    ####...
 Force Lance              Conj/Tloc      #.......     100%        4    #####..
 Fulminant Prism          Conj/Hex       #.........   100%        4    #####..
 Iskenderun's Mystic Bla  Conj           #.......     100%        4    #####..


Dungeon Overview and Level Annotations

Branches:
Dungeon (3/15)              Sewer (1/1)

Altars:
Elyvilon


Innate Abilities, Weirdness & Mutations

You reflexively headbutt those who attack you in melee.
You have a pair of horns on your head.


Message History

The rat bites you but does no damage. The adder bites you.
* * * LOW HITPOINT WARNING * * *
You are lethally poisoned!
The adder poisons you! The river rat bites you.
* * * LOW HITPOINT WARNING * * *
The rat bites you but does no damage.
You feel better. The adder bites you but does no damage.
You block the river rat's attack.
The rat bites you but does no damage. x2
The river rat completely misses you.
You feel agile all of a sudden. The adder closely misses you.
The river rat bites you but does no damage.
You block the rat's attack. x2; The river rat bites you.
* * * LOW HITPOINT WARNING * * *
You closely miss the adder. Your headbutt misses the adder.
The adder is almost dead.
You block the adder's attack. You block the river rat's attack.
The rat bites you but does no damage. You block the rat's attack.
The river rat bites you.
You die...

#≈≈≈ ≈≈≈#
#≈≈≈ ≈≈≈#
#≈≈≈ ≈≈≈≈#
#≈#≈ ≈≈≈≈#
#≈≈≈ ≈≈≈≈≈#
#≈≈≈
#r≈≈≈.#
#.≈≈
##rr....#
#...
#@rr...#
##..
#Srrr...#
#..
.SJr....##
##.
.......####
##
##...####
####


You could see an ooze, an adder, 2 river rats, a ball python and 7 rats.

Vanquished Creatures
  A crimson imp (D:2)
  6 river rats (Sewer)
  5 adders
  2 oozes
  2 worms (D:2)
  2 dart slugs
  8 leopard geckos
  4 giant cockroaches
  7 goblins
  5 hobgoblins
  4 jackals (D:2)
  4 kobolds
  A quokka (D:2)
  3 ball pythons (Sewer)
  6 bats
  5 frilled lizards
  15 rats
80 creatures vanquished.

Notes
Turn   | Place    | Note
-------+----------+-------------------------------------------
     0 | D:1      | Curus the Minotaur Fighter began the quest for the Orb.
     0 | D:1      | Reached XP level 1. HP: 19/19 MP: 0/0
   123 | D:1      | Reached skill level 3 in Long Blades
   171 | D:1      | Reached XP level 2. HP: 21/26 MP: 1/1
   436 | D:1      | Reached skill level 4 in Long Blades
   976 | D:2      | Found a white marble altar of Elyvilon.
   983 | D:2      | Reached XP level 3. HP: 31/31 MP: 2/2
  1175 | D:2      | Reached skill level 5 in Long Blades
  1175 | D:2      | Reached XP level 4. HP: 39/39 MP: 3/3
  1420 | D:3      | Reached skill level 6 in Long Blades
  1459 | D:3      | Found a glowing drain.
  1527 | Sewer    | Entered a sewer
  1545 | Sewer    | Reached XP level 5. HP: 45/45 MP: 4/4
  1612 | Sewer    | Reached skill level 7 in Long Blades
  1832 | Sewer    | HP: 2/45 [river rat (4)]
  1835 | Sewer    | Slain by a river rat

Levels and vault maps discovered:
D:1:      kilobyte_arrival_exit_the_forest, layout_basic, serial_glass,
          glass_columns_a, glass_columns_a
D:2:      layout_rooms, elyvilon_altar_5
D:3:      layout_rooms, nicolae_overflow_crystal_walls, portal_sewer_entry_f,
          first_ration
Sewer:    sewer_minmay_w

Skill      XL: |  1  2  3  4  5 |
---------------+----------------+-----
Long Blades    | 3 4 5 6 7 |  7.4
Fighting       | |  3.6
Armour         | |  3.6
Shields        | |  3.6

Action                   |  1- 3 |  4- 6 || total
-------------------------+-------+-------++-------
Melee: Long sword        |   109 |   125 ||   234
       Headbutt          |    16 |    10 ||    26
  Use: Potion            |     3 |     5 ||     8
       Scroll            |     4 |       ||     4
 Stab: Invisible         |       |     2 ||     2
  Eat: Chunk             |     1 |     2 ||     3
Armor: Scale mail        |    45 |    19 ||    64
       Plate armour      |       |   105 ||   105
Dodge: Dodged            |    30 |    50 ||    80
Block: Shield            |    46 |   101 ||   147
       Rpst.: Long sword |     5 |     9 ||    14
